 Dungeon Crawl Stone Soup version 0.25-a0-589-g1e14c549ee (webtiles) character file.

Game seed: 17900430157051810138, levelgen mode: deterministic

41 ipx the Firebug (level 3, -6/19 HPs)
             Began as a Deep Elf Fire Elementalist on Mar 12, 2020.
             Killed by nerve-wracking pain
             ... invoked by Grinder
              (7 damage)
             ... on level 3 of the Dungeon.
             The game lasted 00:09:22 (712 turns).

ipx the Firebug (Deep Elf Fire Elementalist)         Turns: 712, Time: 00:09:23

Health: -6/19      AC:  6    Str:  5    XL:     3   Next: 32%
Magic:  2/9        EV: 12    Int: 20    God:
Gold:   83         SH:  4    Dex: 15    Spells: 7/8 levels left

rFire    . . .     SeeInvis .   a - +0 mace (protect)
rCold    . . .     Gourm    .   l - +0 buckler (curse)
rNeg     . . .     Faith    .   h - +1 robe
rPois    .         Spirit   .   (no helmet)
rElec    .         Reflect  .   (no cloak)
rCorr    .         Harm     .   i - +2 pair of gloves {archery}
MR       .....                  (no boots)
Stlth    ++........             (no amulet)
HPRegen  0.06/turn              (no ring)
MPRegen  0.11/turn              (no ring)

@: very slightly contaminated
A: no striking features
a: no special abilities


You were on level 3 of the Dungeon.
You were not hungry.

You visited 1 branch of the dungeon, and saw 3 of its levels.

You collected 83 gold pieces.

Inventory:

Hand Weapons
 a - a +0 mace of protection (weapon)
Armour
 h - a +1 robe (worn)
 i - a +2 pair of gloves of archery (worn)
 l - a cursed +0 buckler (worn)
Scrolls
 f - a scroll of fear
Potions
 b - a potion of cancellation {unknown}
 d - a potion of might {unknown}
 e - a potion of brilliance {unknown}
 g - a potion of stabbing {unknown}
 k - a potion of curing {unknown}
Comestibles
 c - 4 rations


   Skills:
 - Level 2.4 Dodging
 + Level 2.4 Stealth
 * Level 1.0 Shields
 + Level 3.0 Spellcasting
 - Level 3.0 Conjurations
 - Level 3.5 Fire Magic


You had 7 spell levels left.
You knew the following spells:

 Your Spells              Type           Power        Failure   Level  Hunger
x - Foxfire               Conj/Fire      ###.         5%          1    None

Your spell library contained the following spells:

 Spells                   Type           Power        Failure   Level  Hunger
 Conjure Flame            Conj/Fire      ###.....     16%         3    ###....
 Inner Flame              Hex/Fire       ##......     30%         3    ###....
 Sticky Flame             Conj/Fire      ###.....     47%         4    ####...
 Fireball                 Conj/Fire      ###.......   83%         5    ######.


Dungeon Overview and Level Annotations

Branches:
Dungeon (3/15)

Altars:
Okawaru

Annotations:
D:3 Grinder


Message History

Confirm with . or Enter, or press ? or * to list all spells.
You conjure some foxfire!
Grinder gestures at you. Pain shoots through your body!
* * * LOW HITPOINT WARNING * * *
The foxfire hits Grinder.
Grinder is moderately wounded.
The foxfire hits Grinder.
Grinder is heavily wounded.
Okay, then.
Casting: Foxfire (safe; 5% risk of failure)
Confirm with . or Enter, or press ? or * to list all spells.
You conjure some foxfire!
The foxfire hits Grinder.
Grinder is heavily wounded.
The foxfire hits Grinder.
Grinder is severely wounded.
Grinder gestures at you. Pain shoots through your body!
You die...

...## #...###
#.........#
#.....###
#.....(..[#
##......##
#.........#
###.....#
#.........#
###...###.........#
##...##[........####
#...##.....ยง.......
#...##....@....#
##..##......5..#
#...#.........#
#...#.........#
##..#.........#
#....#########
######


You could see Grinder.

Vanquished Creatures
  2 adders
  A dart slug (D:2)
  A leopard gecko (D:1)
  A giant cockroach (D:1)
  2 goblins (D:1)
  6 hobgoblins
  A ball python (D:2)
  A bat (D:1)
  2 frilled lizards
  A kobold (D:2)
  3 rats
21 creatures vanquished.

Vanquished Creatures (others)
  76 foxfires
76 creatures vanquished.

Grand Total: 97 creatures vanquished

Notes
Turn   | Place    | Note
-------+----------+-------------------------------------------
     0 | D:1      | ipx the Deep Elf Fire Elementalist began the quest for the
                  | Orb.
     0 | D:1      | Reached XP level 1. HP: 10/10 MP: 6/6
   276 | D:1      | Reached XP level 2. HP: 15/15 MP: 0/8
   489 | D:2      | Found an iron altar of Okawaru.
   618 | D:2      | Reached XP level 3. HP: 18/19 MP: 1/9
   635 | D:3      | Reached skill level 1 in Shields
   693 | D:3      | Noticed Grinder
   696 | D:3      | Paralysed by Grinder for 7 turns
   712 | D:3      | Killed from afar by Grinder

Levels and vault maps discovered:
D:1:      minmay_arrival_floating_metal, layout_basic,
          hangedman_decor_diamond_cutter
D:2:      layout_basic, lemuel_doored_altar, first_ration
D:3:      layout_basic, grunt_temple_overflow_order_and_chaos_1, serial_curves,
          eino_curves_04, eino_curves_03, uniq_sigmund, uniq_terence,
          uniq_grinder

Skill      XL: |  1  2  3 |
---------------+----------+-----
Conjurations   | 2 3 |  3.0
Shields        | 1 |  1.0
Dodging        | |  2.4
Stealth        | |  2.4
Spellcasting   | |  3.0
Fire Magic     | |  3.5

Action                   || total
-------------------------++-------
Melee: Mace              ||     2
 Cast: Foxfire           ||    47
  Use: Scroll            ||     3
Armor: Robe              ||     6
Dodge: Dodged            ||    14
Block: Buckler           ||     2

Table legend:
 A = Non-vault XP
 B = Vault XP
 C = Vault XP percentage of total XP
 D = Non-vault monster count
 E = Vault monster count
 F = Vault count percentage of total count
                 A         B        C        D         E       F
            +---------+---------+-------+---------+---------+-------
      Total |      59 |       0 |   0.0 |      21 |       0 |   0.0
            +---------+---------+-------+---------+---------+-------
        D:1 |      15 |       0 |   0.0 |       8 |       0 |   0.0
        D:2 |      25 |       0 |   0.0 |       8 |       0 |   0.0
        D:3 |      19 |       0 |   0.0 |       5 |       0 |   0.0
            +---------+---------+-------+---------+---------+-------
